Map: [ESL] Oceanborn

Players

Fjant - Winner!

  • Race: Zerg Zerg
  • League: Grandmaster
  • Spawn Location: 11:00

Highdra

  • Race: Protoss Protoss
  • Spawn Location: 5:00

Event: HomeStory Cup XXV

VOD

Have the link to the VOD?

Description

Time

  • Played on: June 21, 2024, 8:54 a.m.
  • Length: 10:30

All games in this series

Show
View Real Time Build Order
Export as new Build Order

Fjant Zerg - Winner!

Build Orders: Hatch First 

Get SALT Encoding   

  12  0:00  Drone  
  13  0:12  Overlord  
  13  0:19  Drone  
  14  0:31  Drone x2  
  16  0:48  Hatchery  
  15  0:53  Drone  
  16  0:59  Drone x2  
  18  1:14  Spawning Pool  
  18  1:16  Extractor  
  18  1:17  Drone  
  17  1:23  Drone  
  18  1:28  Drone  
  19  1:39  Drone  
  20  1:52  Drone  
  21  2:01  Queen x2, Zergling x2  
  22  2:07  Overlord  
  26  2:13  Drone  
  26  2:15  Drone  
  28  2:18  Metabolic Boost  
  28  2:29  Drone x2  
  30  2:36  Hatchery  
  29  2:40  Zergling x4  
  31  2:44  Drone  
  31  2:45  Overlord  
  32  2:54  Drone x2  
  33  3:00  Queen  
  36  3:05  Drone  
  35  3:15  Zergling x4  
  35  3:17  Drone x2  
  35  3:18  Queen  
  41  3:22  Drone  
  41  3:25  Drone  
  43  3:31  Overlord  
  43  3:41  Overlord  
  43  3:47  Queen, Overlord  
  46  3:48  Drone x4  
  46  3:55  Drone x5  
  54  3:58  Drone  
  55  4:03  Spore Crawler  
  55  4:04  Drone  
  55  4:05  Queen  
  55  4:06  Queen  
  60  4:10  Drone x2  
  60  4:16  Drone x2  
  60  4:17  Spore Crawler  
  62  4:22  Drone  
  62  4:23  Roach Warren, Drone x2  
  64  4:30  Extractor  
  62  4:34  Extractor  
  62  4:35  Drone x3  
  63  4:47  Lair  
  63  4:59  Drone  
  64  5:00  Drone  
  64  5:01  Drone x5  
  64  5:04  Zergling x6  
  64  5:05  Zergling x2  
  74  5:08  Overlord  
  74  5:09  Overlord  
  74  5:20  Spore Crawler  
  73  5:21  Evolution Chamber  
  73  5:22  Zergling x4  
  73  5:24  Overlord  
  73  5:26  Zergling x2  
  73  5:27  Zergling x2  
  75  5:29  Zergling x6  
  75  5:30  Drone  
  75  5:31  Drone x5  
  75  5:33  Hatchery, Drone  
  84  5:40  Zergling x2  
  84  5:41  Zergling x2  
  82  5:47  Drone  
  82  5:48  Drone x4  
  84  5:50  Glial Reconstitution, Zerg Missile Weapons Level 1  
  84  5:51  Extractor x2  
  84  5:52  Drone x4  
  84  5:56  Hatchery  
  85  6:03  Overlord  
  85  6:05  Hatchery  
  85  6:06  Overlord  
  85  6:09  Overlord  
  85  6:11  Drone x4  
  89  6:20  Zergling x4  
  89  6:28  Overlord  
  89  6:32  Zergling x4  
  87  6:33  Drone x8  
  94  6:41  Roach  
  94  6:45  Roach  
  94  6:46  Roach x3  
  103  6:50  Hatchery  
  108  6:54  Roach x7  
  108  6:57  Zergling x2  
  117  7:02  Spore Crawler, Roach  
  117  7:03  Overlord  
  117  7:07  Drone  
  119  7:08  Baneling Nest  
  119  7:09  Overlord  
  119  7:10  Ravager  
  119  7:11  Overlord, Ravager x3  
  122  7:22  Roach x3  
  127  7:27  Overlord  
  127  7:28  Roach x5  
  136  7:30  Overlord  
  136  7:34  Roach x4  
  143  7:38  Overlord  
  143  7:44  Zergling x6  
  144  7:46  Zerg Melee Weapons Level 1  
  144  7:48  Overlord  
  144  7:49  Ravager x6  
  144  7:50  Zergling x4  
  144  7:51  Zergling x12  
  158  7:55  Ravager  
  158  7:56  Zergling x2  
  158  7:57  Zergling x6  
  163  8:04  Zergling x8  
  159  8:11  Zergling x12  
  159  8:15  Zergling x6  
  152  8:22  Zergling x4  
  152  8:23  Zergling x10  
  152  8:25  Zergling x8  
  163  8:29  Centrifugal Hooks  
  163  8:30  Overlord  
  163  8:31  Zergling x4  
  165  8:36  Baneling x7  
  165  8:37  Baneling x9  
  165  8:39  Drone x2  
  168  8:41  Drone x3  
  168  8:42  Zergling x4  
  168  8:46  Zergling x2  
  168  8:47  Zergling x2  
  173  8:52  Roach x6  
  182  8:58  Overlord x2  
  182  9:00  Overlord  
  182  9:05  Baneling x12  
  182  9:06  Baneling  
  182  9:07  Spore Crawler  
  181  9:17  Extractor, Infestation Pit  
  181  9:18  Drone x3  
  181  9:19  Zergling x22, Evolution Chamber  
  181  9:20  Roach  
  194  9:29  Baneling x16  
  194  9:32  Zergling x12  
  194  9:38  Baneling x5  
  200  9:39  Baneling  
  167  10:01  Zergling x2  
  167  10:02  Zergling x26  
  167  10:04  Zergling x24  
  167  10:05  Zergling x2  
  182  10:13  Drone x2  
Show
View Real Time Build Order
Export as new Build Order

Highdra Protoss 

Build Orders: 1 Gate Expand, Oracle Opening 

Get SALT Encoding   

  12  0:00  Probe  
  13  0:12  Probe  
  14  0:19  Pylon  
  14  0:24  Probe (Chrono Boost)  
  15  0:38  Gateway, Probe (Chrono Boost)  
  16  0:45  Probe (Chrono Boost)  
  16  0:46  Assimilator  
  17  0:52  Probe  
  18  1:04  Probe  
  19  1:16  Probe  
  20  1:23  Nexus  
  20  1:33  Cybernetics Core  
  20  1:35  Probe  
  21  1:41  Assimilator  
  21  1:47  Probe  
  21  1:50  Pylon  
  22  1:59  Probe  
  23  2:07  Adept (Chrono Boost)  
  23  2:11  Probe  
  26  2:20  Stargate  
  26  2:24  Probe (Chrono Boost)  
  26  2:27  Adept (Chrono Boost)  
  29  2:35  Warp Gate, Probe (Chrono Boost)  
  31  2:41  Probe (Chrono Boost)  
  32  2:44  Probe (Chrono Boost)  
  32  2:48  Probe (Chrono Boost)  
  32  2:49  Adept, Probe  
  36  3:00  Probe  
  36  3:01  Probe  
  36  3:04  Gateway  
  38  3:07  Oracle (Chrono Boost)  
  38  3:12  Probe  
  42  3:15  Probe  
  42  3:18  Pylon  
  41  3:24  Probe  
  42  3:27  Probe  
  43  3:36  Probe  
  43  3:40  Probe  
  45  3:42  Nexus  
  45  3:45  Oracle (Chrono Boost)  
  48  3:49  Probe  
  48  3:52  Probe  
  49  4:01  Probe  
  49  4:02  Pylon  
  50  4:04  Probe  
  51  4:12  Assimilator  
  51  4:14  Probe, Pylon  
  51  4:16  Assimilator, Probe  
  53  4:20  Oracle (Chrono Boost)  
  56  4:26  Probe  
  56  4:28  Probe  
  58  4:35  Twilight Council  
  58  4:37  Forge  
  58  4:38  Probe  
  59  4:39  Adept  
  59  4:40  Adept, Probe  
  64  4:50  Probe  
  64  4:52  Probe  
  66  4:54  Blink  
  66  4:55  Probe  
  66  4:59  Pylon  
  67  5:02  Probe  
  67  5:03  Adept x2  
  67  5:06  Probe  
  74  5:07  Probe  
  74  5:08  Protoss Ground Weapons Level 1 (Chrono Boost)  
  74  5:14  Probe  
  74  5:18  Probe  
  74  5:20  Probe  
  74  5:21  Pylon  
  77  5:26  Probe  
  78  5:30  Probe  
  78  5:32  Probe  
  80  5:38  Probe  
  80  5:42  Gateway  
  81  5:43  Gateway, Probe  
  81  5:45  Gateway  
  81  5:46  Gateway  
  81  5:47  Probe  
  81  5:49  Gateway  
  77  5:52  Gateway  
  77  5:54  Stalker, Sentry  
  81  6:02  Pylon  
  79  6:05  Gateway, Pylon  
  78  6:20  Stalker  
  78  6:25  Stalker  
  80  6:26  Probe  
  80  6:27  Probe  
  80  6:38  Stalker x2  
  80  6:44  Probe x2  
  80  6:45  Stalker x4  
  89  6:48  Stalker  
  89  6:49  Stalker  
  89  6:50  Robotics Facility  
  89  6:52  Robotics Facility  
  89  6:53  Photon Cannon  
  93  6:55  Shield Battery  
  93  7:00  Stalker  
  93  7:01  Stalker x2  
  97  7:02  Protoss Ground Armor Level 1 (Chrono Boost)  
  97  7:05  Pylon x2  
  99  7:14  Stalker  
  99  7:15  Stalker x2  
  105  7:18  Stalker  
  105  7:20  Stalker  
  105  7:31  Pylon  
  105  7:47  Stalker x8  
  105  7:48  Stalker  
  105  8:25  Immortal  
  113  8:27  Stalker, Immortal  
  113  8:28  Stalker x3  
  121  8:35  Assimilator  
  121  8:37  Assimilator  
  121  8:38  Charge  
  120  8:42  Zealot x3  
  120  8:43  Zealot x2  
  130  8:55  Pylon  
  130  8:56  Pylon  
  130  9:07  Pylon  
  130  9:10  Pylon  
  130  9:11  Immortal x2 (Chrono Boost)  
  138  9:18  Nexus  
  138  9:20  Pylon  
  138  9:25  Templar Archives  
  137  9:33  Probe x3  
  140  9:40  Pylon, Immortal (Chrono Boost)  
  140  9:43  Shield Battery  
  144  9:46  Zealot x3  
  146  9:55  Stalker x2  
  106  10:03  Probe x3  
  96  10:15  Probe x3  
Tags
 
Add a new tag
Caveats
  • Supply blocks, unpowered buildings, or Contaminate may cause inaccurate times.
  • Supply counts are checked every 10 seconds.